[Event "December 12 Early 2023"]
[Site "https://www.chess.com"]
[Date "2023.12.12"]
[Round "1"]
[White "Trost, Edvin"]
[Black "Munoz Sanchez, Miguel"]
[Result "0-1"]
[Board "161"]
[TimeControl "180+1"]
[WhiteFideId "1729519"]
[BlackFideId "3600734"]
[WhiteElo "2615"]
[BlackElo "2320"]
[WhiteTeam "SWE"]
[BlackTeam "ECU"]
[WhiteClock "0:00:04"]
[BlackClock "0:00:07"]

1. d4 Nf6 2. Nf3 g6 3. g3 Bg7 4. Bg2 c5 5. O-O O-O 6. c4 cxd4 7. Nxd4 d5 8. cxd5 Nxd5 9. Nb5 e6 10. N1c3 Nxc3 11. Nxc3 Nc6 12. Qa4 Bd7 13. Be3 Qe7 14. Rfd1 Rfd8 15. Qc4 Rac8 16. Qc5 Qxc5 17. Bxc5 b6 18. Be3 Ne5 19. Bg5 f6 20. Bf4 Nc4 21. b3 Na5 22. Rac1 Kf7 23. Ne4 Rxc1 24. Rxc1 e5 25. Bd2 Nc6 26. Nd6+ Ke6 27. Nb5 Rc8 28. Be3 Bf8 29. Kf1 a6 30. Nc3 b5 31. Ne4 Nd4 32. Rxc8 Bxc8 33. Bxd4 exd4 34. Ke1 Bd7 35. Kd2 f5 36. Ng5+ Ke5 37. Nxh7 Bb4+ 38. Kd1 a5 39. Ng5 a4 40. Bb7 axb3 41. axb3 Kd6 42. Nf3 Kc5 43. Kc2 Ba5 44. Ba6 Kb4 45. Nxd4 Bb6 46. e3 Bxd4 47. exd4 Be6 48. Bb7 Bxb3+ 49. Kd3 Bf7 50. d5 Kc5 51. h4 Bxd5 52. Bc8 Bf7 53. Ke3 b4 54. Ba6 b3 55. Bd3 Kb4 56. Kd4 b2 57. f3 Kb3 58. Ke5 Kc3 59. Bb1 Kd2 60. Kf6 Be8 61. Ke7 Bc6 62. Kf6 Bxf3 63. Kxg6 Be4 64. Bxe4 fxe4 65. h5 b1=Q 66. h6 Qb6+ 67. Kg7 Qc7+ 68. Kg8 Qd8+ 69. Kg7 Qg5+ 70. Kh7 Qxg3 71. Kh8 Qh4 72. h7 Qxh7+ 73. Kxh7 e3 0-1

[Event "December 12 Early 2023"]
[Site "https://www.chess.com"]
[Date "2023.12.12"]
[Round "1"]
[White "Sarkar, Justin"]
[Black "Janaszak, Dawid"]
[Result "0-1"]
[Board "162"]
[TimeControl "180+1"]
[WhiteFideId "2010011"]
[BlackFideId "1119206"]
[WhiteElo "2318"]
[BlackElo "2613"]
[WhiteTeam "USA"]
[BlackTeam "POL"]
[WhiteClock "0:00:00"]
[BlackClock "0:00:25"]

1. e4 c5 2. Nf3 Nc6 3. d4 cxd4 4. Nxd4 e5 5. Ne2 Nf6 6. Nbc3 Bc5 7. Ng3 d6 8. Be2 h5 9. Bg5 Qb6 10. O-O h4 11. Nf5 Bxf5 12. exf5 h3 13. g3 Nd4 14. Bxf6 gxf6 15. Nd5 Qc6 16. Bf3 Kf8 17. Be4 Rc8 18. c3 Nb5 19. Nxf6 d5 20. Nxd5 Nd6 21. Qf3 Qa6 22. b4 Bb6 23. a4 Qc4 24. Nxb6 axb6 25. Bd5 Qxc3 26. Qxc3 Rxc3 27. Rfc1 Rd3 28. Rd1 Rxd1+ 29. Rxd1 Ke7 30. Rc1 Kd7 31. g4 Ra8 32. Ra1 Rc8 33. a5 bxa5 34. bxa5 Rc5 35. Bf3 e4 36. Be2 Rc2 37. Kf1 f6 38. Rd1 Kc7 39. Rd5 Rc1+ 40. Bd1 Rc3 41. Ke2 Ra3 42. Rc5+ Kd8 0-1

[Event "December 12 Early 2023"]
[Site "https://www.chess.com"]
[Date "2023.12.12"]
[Round "1"]
[White "Tao, Sihan"]
[Black "Silva, Pedro Gil Ferreira Da"]
[Result "1/2-1/2"]
[Board "163"]
[TimeControl "180+1"]
[WhiteFideId "30982677"]
[BlackFideId "1946102"]
[WhiteElo "2610"]
[BlackElo "2317"]
[WhiteTeam "USA"]
[BlackTeam "POR"]
[WhiteClock "0:00:31"]
[BlackClock "0:01:04"]

1. e4 c6 2. d4 d5 3. Nd2 dxe4 4. Nxe4 Nd7 5. Bd3 Ngf6 6. Nf3 Nxe4 7. Bxe4 Nf6 8. Bd3 Bg4 9. c3 e6 10. h3 Bh5 11. O-O Bd6 12. Re1 O-O 13. Be2 Qc7 14. Ne5 Bxe2 15. Qxe2 Nd7 16. Nxd7 Qxd7 17. Be3 Qc7 18. Rad1 h6 19. Qg4 Kh8 20. b3 Rad8 21. c4 c5 22. d5 exd5 23. Rxd5 Bh2+ 24. Kh1 Rxd5 25. cxd5 Bd6 26. Rd1 Re8 27. Qa4 Qe7 28. Qxa7 Qe5 29. g3 Qe4+ 30. Kh2 Qf3 31. Rg1 Rxe3 32. fxe3 Qf2+ 33. Kh1 Qf3+ 34. Kh2 Qf2+ 35. Kh1 Bxg3 36. Rxg3 Qxg3 37. Qxb7 Qxh3+ 38. Kg1 Qxe3+ 39. Kg2 Qd2+ 40. Kf3 Qd3+ 41. Kf4 Qd4+ 42. Kf3 Qd3+ 43. Kf4 Qd4+ 44. Kf3 Qd3+ 1/2-1/2

[Event "December 12 Early 2023"]
[Site "https://www.chess.com"]
[Date "2023.12.12"]
[Round "1"]
[White "Umarov, Sabir"]
[Black "Mendez Fortes, Eduardo Jesus"]
[Result "0-1"]
[Board "164"]
[TimeControl "180+1"]
[WhiteFideId "14200538"]
[BlackFideId "3502376"]
[WhiteElo "2317"]
[BlackElo "2608"]
[WhiteTeam "UZB"]
[BlackTeam "CUB"]
[WhiteClock "0:00:02"]
[BlackClock "0:01:19"]

1. e4 c5 2. Nf3 d6 3. d4 cxd4 4. Nxd4 Nf6 5. Nc3 a6 6. Bg5 Nbd7 7. Qd2 h6 8. Bh4 e6 9. O-O-O Be7 10. f4 Qc7 11. Nb3 b5 12. a3 Bb7 13. Bd3 Rc8 14. h3 Nxe4 15. Bxe4 Bxh4 16. Qxd6 Be7 17. Qxc7 Rxc7 18. Bxb7 Rxb7 19. Ne4 O-O 20. Rhe1 Rc7 21. Kb1 Nb6 22. g4 Rfc8 23. c3 Nc4 24. Nd4 Rb7 25. f5 e5 26. Nf3 f6 27. Ka2 a5 28. Rd5 b4 29. cxb4 axb4 30. Red1 bxa3 31. b3 Ne3 32. Rd7 Rc2+ 33. Ka1 Rb2 34. Rxb7 Nc2# 0-1

[Event "December 12 Early 2023"]
[Site "https://www.chess.com"]
[Date "2023.12.12"]
[Round "1"]
[White "Lamaze, Simon"]
[Black "Silvestre, Christian"]
[Result "1-0"]
[Board "165"]
[TimeControl "180+1"]
[WhiteFideId "36069264"]
[BlackFideId "30956269"]
[WhiteElo "2608"]
[BlackElo "2316"]
[WhiteTeam "FRA"]
[BlackTeam "USA"]
[WhiteClock "0:01:20"]
[BlackClock "0:00:10"]

1. e4 c5 2. Nf3 a6 3. d4 cxd4 4. c3 d3 5. Bxd3 d6 6. c4 e6 7. Nc3 Qc7 8. O-O Nf6 9. Bf4 Be7 10. h3 b6 11. Qd2 Bb7 12. Rfd1 Nbd7 13. Qe2 Ne5 14. Nxe5 dxe5 15. Be3 Nd7 16. f3 Bc5 17. Rac1 O-O 18. a3 Bxe3+ 19. Qxe3 Qc5 20. Qxc5 Nxc5 21. b4 Nb3 22. Rb1 Nd4 23. Na4 b5 24. Nc5 Bc6 25. Kf2 a5 26. Ra1 axb4 27. axb4 Rxa1 28. Rxa1 bxc4 29. Bxc4 Rb8 30. Rb1 Bb5 31. Bxb5 Rxb5 32. Nd3 g6 33. Rc1 Rb7 34. Rc5 f6 35. Ke3 Kf7 36. f4 Ke7 37. fxe5 fxe5 38. Nxe5 Rxb4 39. Rc3 Kd6 40. Nc4+ Kc5 41. Nb2+ Kd6 42. Nd3 Ra4 43. Nc5 Rb4 44. Nd3 Ra4 45. Rc8 e5 46. Rd8+ Ke7 47. Rd5 Nc6 48. Nxe5 Nxe5 49. Rxe5+ Kf6 50. Rb5 Ra3+ 51. Kf4 Ra2 52. Rb6+ Kg7 53. g3 Rf2+ 54. Kg5 Re2 55. Rb7+ Kg8 56. Kf6 Rf2+ 57. Ke6 Rf3 58. g4 Rxh3 59. g5 Re3 60. e5 Re1 61. Rb5 Rg1 62. Kf6 Rf1+ 63. Ke7 Re1 64. e6 Kg7 65. Rd5 h5 66. Kd7 h4 67. e7 h3 68. e8=Q Rxe8 69. Kxe8 h2 70. Rd1 h1=Q 71. Rxh1 Kg8 72. Ke7 Kg7 73. Ke6 Kg8 74. Kf6 Kf8 75. Rh8# 1-0

[Event "December 12 Early 2023"]
[Site "https://www.chess.com"]
[Date "2023.12.12"]
[Round "1"]
[White "Storn, Justin"]
[Black "Skatchkov, Valery"]
[Result "0-1"]
[Board "166"]
[TimeControl "180+1"]
[WhiteFideId "30922720"]
[BlackFideId "24195812"]
[WhiteElo "2311"]
[BlackElo "2606"]
[WhiteTeam "USA"]
[BlackTeam "RUS"]
[WhiteClock "0:00:00"]
[BlackClock "0:01:44"]

1. Nf3 d5 2. g3 Nd7 3. d4 Nb6 4. Bg2 Nf6 5. O-O Bf5 6. b3 e6 7. Bb2 c6 8. Nbd2 h6 9. Re1 a5 10. a4 Bb4 11. c3 Bd6 12. Ne5 O-O 13. f4 c5 14. e3 Rc8 15. g4 Bxe5 16. gxf5 Bb8 17. fxe6 fxe6 18. dxc5 Rxc5 19. Ba3 Rxc3 20. Bxf8 Qxf8 21. Rc1 Rxc1 22. Qxc1 d4 23. Nf3 dxe3 24. Qxe3 Qb4 25. Qxe6+ Kh8 26. Ne5 Qxe1+ 27. Bf1 Qe3+ 28. Kg2 Bxe5 29. fxe5 Ne4 30. Qf5 Qg5+ 31. Qxg5 Nxg5 32. h4 Ne6 33. Kf3 Nc5 34. Kf4 Kg8 35. Kf5 Kf7 36. Bb5 Nxb3 37. e6+ Kf8 38. Kg6 Nd4 39. Bd7 Nxd7 40. exd7 Nc6 41. Kf5 Ke7 42. Kg6 b5 43. axb5 Nb8 0-1

[Event "December 12 Early 2023"]
[Site "https://www.chess.com"]
[Date "2023.12.12"]
[Round "1"]
[White "Novikov, Evgenij"]
[Black "Petrova, Irina"]
[Result "1-0"]
[Board "167"]
[TimeControl "180+1"]
[WhiteFideId "4125380"]
[BlackFideId "14124122"]
[WhiteElo "2604"]
[BlackElo "2311"]
[WhiteTeam "RUS"]
[BlackTeam "UKR"]
[WhiteClock "0:00:06"]
[BlackClock "0:00:09"]

1. d4 d6 2. e4 Nf6 3. Nc3 e5 4. Nf3 Nbd7 5. Bc4 Be7 6. O-O O-O 7. a4 c6 8. h3 h6 9. Re1 Re8 10. dxe5 dxe5 11. Be3 Bf8 12. Qe2 Qc7 13. Nh4 Nc5 14. f3 Be6 15. Nf5 Rad8 16. b3 Kh7 17. Rad1 g6 18. Nxh6 Bxh6 19. Bxc5 Qa5 20. b4 Qc7 21. Bxe6 Rxe6 22. Rxd8 Qxd8 23. Rd1 Qc7 24. a5 b6 25. axb6 axb6 26. Be3 Bxe3+ 27. Qxe3 Rd6 28. Rd3 Rxd3 29. Qxd3 Nh5 30. Ne2 Qa7 31. Qd1 b5+ 32. Kf1 Kg7 33. g4 Nf4 34. Nxf4 exf4 35. Qd2 Qa1+ 36. Kg2 Qe5 37. c3 g5 38. Qd4 Kf6 39. Qxe5+ Kxe5 40. h4 gxh4 41. Kh3 Kd6 42. Kxh4 c5 43. Kg5 cxb4 44. cxb4 Ke5 45. Kh6 Kf6 46. g5+ Ke6 47. Kg7 Ke5 48. Kxf7 Kd4 49. g6 Ke3 50. g7 Kxf3 51. g8=Q Kxe4 52. Qg1 f3 53. Qf1 Ke3 54. Qxb5 f2 55. Qf1 Kf3 56. b5 Kg3 57. b6 1-0

[Event "December 12 Early 2023"]
[Site "https://www.chess.com"]
[Date "2023.12.12"]
[Round "1"]
[White "Shapiro, Daniel"]
[Black "Bilan, Danila"]
[Result "0-1"]
[Board "168"]
[TimeControl "180+1"]
[WhiteFideId "2001780"]
[BlackFideId "24161918"]
[WhiteElo "2310"]
[BlackElo "2603"]
[WhiteTeam "USA"]
[BlackTeam "RUS"]
[WhiteClock "0:00:00"]
[BlackClock "0:00:09"]

1. d4 d5 2. c4 c6 3. Nf3 Nf6 4. Qb3 e6 5. Nc3 Nbd7 6. Bg5 Be7 7. e3 O-O 8. Rd1 b6 9. Be2 Bb7 10. O-O Ne4 11. Nxe4 dxe4 12. Bxe7 Qxe7 13. Nd2 c5 14. Qc2 Nf6 15. f3 exf3 16. Bxf3 cxd4 17. exd4 Rfd8 18. Qc3 Rac8 19. Rf2 Bxf3 20. Rxf3 e5 21. dxe5 Ne4 22. Qe3 Nxd2 23. Rxd2 Rxd2 24. Qxd2 Qxe5 25. h3 Qc5+ 26. Qe3 Qxc4 27. Qe7 g6 28. b3 Qc1+ 29. Kh2 Qc7+ 30. Qxc7 Rxc7 31. Re3 f5 32. Kg3 Kf7 33. Kf4 Kf6 34. Re2 h6 35. h4 Rc3 0-1

[Event "December 12 Early 2023"]
[Site "https://www.chess.com"]
[Date "2023.12.12"]
[Round "1"]
[White "Banzea, Alexandru-Bogdan"]
[Black "Tarasova, Viktoriya"]
[Result "1-0"]
[Board "169"]
[TimeControl "180+1"]
[WhiteFideId "1232622"]
[BlackFideId "4175840"]
[WhiteElo "2602"]
[BlackElo "2307"]
[WhiteTeam "ROU"]
[BlackTeam "RUS"]
[WhiteClock "0:00:10"]
[BlackClock "0:00:00"]

1. d4 Nf6 2. Nc3 d5 3. Bf4 a6 4. e3 e6 5. a3 Bd6 6. Nf3 O-O 7. Bd3 c5 8. dxc5 Bxc5 9. O-O Nc6 10. e4 dxe4 11. Nxe4 Nxe4 12. Bxe4 h6 13. c3 Bd7 14. Bd6 Bxd6 15. Qxd6 Qc8 16. Rfd1 Rd8 17. Qf4 Be8 18. g4 Qb8 19. Qxb8 Raxb8 20. Kf1 Rxd1+ 21. Rxd1 Rd8 22. Rxd8 Nxd8 23. Ke2 Kf8 24. Ke3 Ke7 25. Ne5 Kd6 26. f4 f6 27. Nc4+ Kc7 28. b4 Bc6 29. Nd2 Bxe4 30. Nxe4 Nc6 31. Nc5 Nd8 32. c4 Kc6 33. Ke4 a5 34. Nd3 axb4 35. axb4 b6 36. b5+ Kd6 37. Kd4 1-0

[Event "December 12 Early 2023"]
[Site "https://www.chess.com"]
[Date "2023.12.12"]
[Round "1"]
[White "Ruge, Edison"]
[Black "NikaVolkov"]
[Result "0-1"]
[Board "170"]
[TimeControl "180+1"]
[WhiteFideId "4401000"]
[WhiteElo "2305"]
[BlackElo "2602"]
[WhiteTeam "COL"]
[WhiteClock "0:00:06"]
[BlackClock "0:02:08"]

1. e4 c5 2. Nf3 e6 3. d3 d5 4. Nbd2 Nc6 5. g3 Nf6 6. Bg2 Be7 7. O-O O-O 8. Re1 Qc7 9. c3 b6 10. Nf1 Ba6 11. h4 dxe4 12. dxe4 Rad8 13. Qa4 Bd3 14. N3h2 b5 15. Qa6 Nb8 16. Qa3 a5 17. b3 Nc6 18. Bf4 e5 19. Bg5 c4 20. Qc1 h6 21. Bxf6 Bxf6 22. Ng4 Be7 23. Nge3 Bc5 24. Nd5 Qa7 25. Nfe3 Ne7 26. Nxe7+ Bxe7 27. bxc4 bxc4 28. Nd5 Bc5 29. Qd2 f5 30. exf5 Rxf5 31. Ne3 Rf6 32. Bd5+ Rxd5 33. Nxd5 Rxf2 34. Qd1 Re2+ 35. Kh1 Be4# 0-1

[Event "December 12 Early 2023"]
[Site "https://www.chess.com"]
[Date "2023.12.12"]
[Round "1"]
[White "Maltsevskaya, Aleksandra"]
[Black "Tuleyeva-Aketayeva, Dana"]
[Result "1-0"]
[Board "171"]
[TimeControl "180+1"]
[WhiteFideId "24174041"]
[BlackFideId "13701932"]
[WhiteElo "2602"]
[BlackElo "2304"]
[WhiteTeam "POL"]
[BlackTeam "KAZ"]
[WhiteClock "0:02:54"]
[BlackClock "0:00:04"]

1. Nf3 Nf6 2. g3 g6 3. Bg2 Bg7 4. O-O O-O 5. d3 c6 6. Nbd2 d5 7. e4 dxe4 8. dxe4 Bg4 9. Qe2 Nbd7 10. h3 Bxf3 11. Nxf3 Qc7 12. Rd1 e5 13. b3 Rfd8 14. Ba3 c5 15. Nd2 a6 16. Nc4 b5 17. Ne3 b4 18. Bb2 Nb6 19. c3 a5 20. Rac1 Qe7 21. Nd5 Nfxd5 22. exd5 Rd6 23. c4 Rad8 24. Re1 f6 25. f4 a4 26. fxe5 fxe5 27. Bxe5 Re8 28. Bxd6 Qxe2 29. Rxe2 Rxe2 30. Bxc5 Nd7 31. Bxb4 Rxa2 32. bxa4 Rxa4 33. Be1 Bd4+ 34. Bf2 Bxf2+ 35. Kxf2 Ra2+ 36. Kg1 Nc5 37. Rd1 Kf8 38. d6 Ke8 39. Bc6+ Kd8 40. Re1 Rc2 41. Re8# 1-0

[Event "December 12 Early 2023"]
[Site "https://www.chess.com"]
[Date "2023.12.12"]
[Round "1"]
[White "Botea, David-Alexandru"]
[Black "Vlassov, Nikolai"]
[Result "1/2-1/2"]
[Board "172"]
[TimeControl "180+1"]
[WhiteFideId "1263293"]
[BlackFideId "4103360"]
[WhiteElo "2303"]
[BlackElo "2602"]
[WhiteTeam "ROU"]
[BlackTeam "FID"]
[WhiteClock "0:00:04"]
[BlackClock "0:00:08"]

1. g3 h5 2. h4 Nf6 3. Nf3 Ng4 4. d4 c5 5. c4 cxd4 6. Nxd4 Nc6 7. Bg2 g6 8. Nxc6 bxc6 9. Nc3 Bg7 10. O-O Rb8 11. Qc2 O-O 12. b3 d5 13. cxd5 cxd5 14. Bb2 Bf5 15. e4 dxe4 16. Bxe4 Bxe4 17. Nxe4 Rc8 18. Qe2 Qb6 19. Bxg7 Kxg7 20. Rac1 f6 21. Rfe1 Rxc1 22. Rxc1 Rd8 23. Nc5 e5 24. Qc4 Rd6 25. b4 Kh6 26. Qg8 g5 27. hxg5+ fxg5 28. Ne4 Qd8 29. Qxd8 Rxd8 30. Rc6+ Kg7 31. Nxg5 Rd1+ 32. Kg2 Rd2 33. Ne4 Rxa2 34. b5 Rb2 35. Rc7+ Kg6 36. Rb7 Nf6 37. Nc5 e4 38. Rxa7 e3 39. Nd3 Rd2 40. Nf4+ Kf5 41. Re7 Rxf2+ 42. Kg1 Rb2 43. Rxe3 Rxb5 44. Kg2 Kg4 45. Ne2 Rb2 46. Kf2 Kf5 47. Rf3+ Kg5 48. Kf1 Ng4 49. Rf8 Ne3+ 50. Kf2 Nd1+ 51. Ke1 Ne3 52. Kf2 Ng4+ 53. Ke1 Ra2 54. Rg8+ Kf5 55. Nf4 h4 56. Rf8+ Ke4 57. gxh4 Ne5 58. Kf1 Nf3 59. Ng2 Rd2 60. Re8+ Kf5 61. Rf8+ Kg4 62. Ne3+ Kg3 63. Rg8+ Kh3 64. h5 Nh2+ 65. Ke1 Nf3+ 66. Kf1 Nh2+ 67. Ke1 Nf3+ 68. Kf1 1/2-1/2

[Event "December 12 Early 2023"]
[Site "https://www.chess.com"]
[Date "2023.12.12"]
[Round "1"]
[White "Shubenkova, Veronika"]
[Black "Barbot, Pierre"]
[Result "0-1"]
[Board "173"]
[TimeControl "180+1"]
[WhiteFideId "44124040"]
[BlackFideId "663727"]
[WhiteElo "2601"]
[BlackElo "2302"]
[WhiteTeam "RUS"]
[BlackTeam "FRA"]
[WhiteClock "0:00:00"]
[BlackClock "0:00:05"]

1. e4 c6 2. d4 d5 3. Nc3 dxe4 4. Nxe4 Nf6 5. Nxf6+ exf6 6. c3 Bd6 7. Bd3 O-O 8. Qc2 Re8+ 9. Ne2 h6 10. Bd2 Nd7 11. O-O-O b5 12. Kb1 Qa5 13. c4 Bb4 14. Bxb4 Qxb4 15. c5 Nf8 16. Nf4 Be6 17. Be4 Rac8 18. a3 Qa5 19. Nxe6 Nxe6 20. Bf5 b4 21. Rd3 Rb8 22. Ka1 bxa3 23. Rxa3 Qb4 24. Bxe6 Rxe6 25. Rd1 Re4 26. Ra4 Qb5 27. Ra2 Re2 28. Qc3 Rxf2 29. d5 cxd5 30. c6 Rc8 31. c7 Qb6 32. Rc1 Re2 33. Qd3 Re7 34. Qxd5 Rexc7 35. Rxc7 Qxc7 36. Ra3 Qc1+ 37. Ka2 Qc7 38. Qd4 a5 39. g3 h5 40. h3 Rd8 41. Qh4 Qe5 42. Qa4 Qe6+ 43. Qb3 Rd5 44. Ra4 g6 45. Rc4 Kg7 46. Rc3 Qe5 47. Rc4 Rb5 48. Qc3 Qxc3 49. Rxc3 Kh6 50. Ka3 Kg5 51. Ka4 Rxb2 52. Kxa5 Rh2 53. Rc5+ Kh6 54. h4 Rg2 55. Rc3 g5 56. hxg5+ fxg5 57. Kb5 f6 58. Kc5 h4 59. gxh4 gxh4 60. Kd5 Kg5 61. Ke4 Rg3 62. Rc5+ Kg4 63. Rc6 h3 64. Rxf6 h2 65. Rg6+ Kh3 66. Rh6+ Kg2 67. Kf4 Rg8 0-1

[Event "December 12 Early 2023"]
[Site "https://www.chess.com"]
[Date "2023.12.12"]
[Round "1"]
[White "Marcziter, Dmitrii"]
[Black "Manukian, Artak"]
[Result "1-0"]
[Board "174"]
[TimeControl "180+1"]
[WhiteFideId "13900765"]
[BlackFideId "13301373"]
[WhiteElo "2301"]
[BlackElo "2601"]
[WhiteTeam "GER"]
[BlackTeam "ARM"]
[WhiteClock "0:00:04"]
[BlackClock "0:00:00"]

1. d4 d5 2. c4 dxc4 3. e4 e5 4. Nf3 exd4 5. Bxc4 Bb4+ 6. Nbd2 Nc6 7. Qb3 Qe7 8. a3 Bxd2+ 9. Nxd2 Nf6 10. O-O O-O 11. Qg3 Nxe4 12. Nxe4 Qxe4 13. Qxc7 Qe5 14. Bf4 Qxc7 15. Bxc7 Be6 16. Bb5 Rac8 17. Bg3 Rfd8 18. Rfd1 f6 19. Rd2 Ne5 20. Rad1 Bc4 21. Bxc4+ Rxc4 22. b3 Rc3 23. f4 Ng4 24. h3 Rxg3 25. hxg4 Rxb3 26. Rxd4 Rxd4 27. Rxd4 b5 28. Rd8+ Kf7 29. Rd7+ Ke6 30. Rxa7 g6 31. Kf2 h6 32. Ra6+ Ke7 33. f5 g5 34. Re6+ Kf7 35. Re3 Rb1 36. Kf3 Kf8 37. Ke4 Rg1 38. g3 Ke7 39. Kd5+ Kd7 40. Kc5 Rb1 41. Re6 Rb3 42. Rxf6 Rxa3 43. Rxh6 Rxg3 44. Rh7+ Ke8 45. Kxb5 Rxg4 46. Kc6 Rf4 47. Kd6 Kf8 48. Ke6 g4 49. f6 Kg8 50. Rg7+ Kf8 51. Ra7 Re4+ 52. Kf5 Rb4 53. Kg6 Ke8 54. Ra8+ 1-0

[Event "December 12 Early 2023"]
[Site "https://www.chess.com"]
[Date "2023.12.12"]
[Round "1"]
[White "Spata, German"]
[Black "Rose, Felix"]
[Result "1/2-1/2"]
[Board "175"]
[TimeControl "180+1"]
[WhiteFideId "113026"]
[BlackFideId "5105722"]
[WhiteElo "2600"]
[BlackElo "2300"]
[WhiteTeam "ARG"]
[BlackTeam "MEX"]
[WhiteClock "0:00:28"]
[BlackClock "0:01:32"]

1. Nf3 Nf6 2. b3 e6 3. Bb2 Be7 4. e3 d5 5. Be2 O-O 6. O-O b6 7. c4 Bb7 8. cxd5 Nxd5 9. d3 c5 10. a3 Nd7 11. Nbd2 Bf6 12. Qc2 Bxb2 13. Qxb2 Qf6 14. Qxf6 N5xf6 15. Rfc1 Rfd8 16. b4 Rac8 17. Bf1 Kf8 18. h3 h6 19. Nb3 Ke7 20. bxc5 Nxc5 21. Nxc5 Rxc5 22. Rxc5 bxc5 23. Ne5 Nd7 24. Nc4 Nb6 25. Rb1 Ba6 26. Nxb6 axb6 27. Rxb6 Bxd3 28. Rb7+ Kf6 29. a4 c4 30. f3 c3 31. Rc7 Bxf1 32. Kxf1 Ra8 33. Rc4 c2 34. Ke2 Rxa4 35. Rxc2 h5 36. Kf2 h4 37. f4 g5 38. Kf3 Kg6 39. Rc6 gxf4 40. exf4 Ra3+ 41. Kg4 Rg3+ 42. Kxh4 Rxg2 43. Rc5 Rg1 44. Rb5 Kf6 45. Rc5 Kg6 46. Rb5 Kf6 47. Rc5 Kg6 1/2-1/2

[Event "December 12 Early 2023"]
[Site "https://www.chess.com"]
[Date "2023.12.12"]
[Round "1"]
[White "Antonio, Jorge Carlos"]
[Black "Aswath, S"]
[Result "0-1"]
[Board "176"]
[TimeControl "180+1"]
[WhiteFideId "113190"]
[BlackFideId "46694919"]
[WhiteElo "2299"]
[BlackElo "2600"]
[WhiteTeam "ARG"]
[BlackTeam "IND"]
[WhiteClock "0:00:56"]
[BlackClock "0:00:09"]

1. d4 d5 2. Nf3 Nf6 3. Bf4 c5 4. e3 Nc6 5. c3 g6 6. Bd3 Bg7 7. h4 Bg4 8. Nbd2 O-O 9. Be2 Qb6 10. Qb3 Rfd8 11. dxc5 Qxc5 12. Qxb7 Ne4 13. Nd4 Na5 14. Nxe4 dxe4 15. Qc7 Qh5 16. Bxg4 Qxg4 17. Qxa5 Qxg2 18. O-O-O Rac8 19. Kb1 Qxf2 20. h5 Bxd4 21. Rxd4 Rxd4 22. exd4 Qxf4 23. hxg6 hxg6 24. Qe5 Qxe5 25. dxe5 Rc5 26. Kc2 Rxe5 27. c4 f5 28. b4 f4 29. c5 f3 30. Kc3 e3 31. c6 Rf5 32. Kd3 e2 33. Ke3 Rf8 34. b5 g5 35. Kf2 g4 36. Rg1 Kf7 37. Rxg4 Ke6 38. Rc4 Kd6 39. c7 Kd7 40. c8=Q+ Rxc8 41. Rd4+ Ke8 42. Re4 Rc1 43. a4 Rf1+ 44. Kg3 Rg1+ 45. Kf2 Rf1+ 46. Kg3 e1=Q+ 47. Rxe1 Rxe1 48. Kxf3 Ra1 49. Ke4 Rxa4+ 50. Kd5 Rb4 51. Kc6 e5 52. Kc5 Rb1 0-1

[Event "December 12 Early 2023"]
[Site "https://www.chess.com"]
[Date "2023.12.12"]
[Round "1"]
[White "Principe, Gerson"]
[Black "Fernandez Siles, Luis"]
[Result "1-0"]
[Board "177"]
[TimeControl "180+1"]
[WhiteFideId "3804550"]
[BlackFideId "2209420"]
[WhiteElo "2596"]
[BlackElo "2294"]
[WhiteTeam "PER"]
[BlackTeam "ESP"]
[WhiteClock "0:00:19"]
[BlackClock "0:00:14"]

1. d4 Nf6 2. Nf3 d6 3. b3 Nbd7 4. Bb2 c6 5. e3 Qc7 6. Be2 e5 7. O-O Be7 8. c4 O-O 9. Nc3 Re8 10. Rc1 Bf8 11. Qc2 exd4 12. Nxd4 Qa5 13. a3 Qg5 14. Nf3 Qg6 15. Bd3 Qh6 16. Ne2 Ne5 17. Nxe5 dxe5 18. Bf5 g6 19. Bxc8 Raxc8 20. h3 Qh4 21. Rcd1 Rcd8 22. Rxd8 Rxd8 23. Bxe5 Bg7 24. Rd1 Ne8 25. Bxg7 Nxg7 26. Rd4 Rxd4 27. exd4 Qe7 28. Qd3 Qxa3 29. d5 cxd5 30. cxd5 Qd6 31. Nc3 Nf5 32. Ne4 Qf4 33. d6 Qc1+ 34. Kh2 Qc8 35. d7 Qd8 36. Qd5 b6 37. g3 Ne7 38. Qd6 Nf5 39. Qc6 Ne7 40. Qb7 Kg7 41. b4 Ng8 42. Qd5 f5 43. Qe5+ Kf7 44. Nd6+ Kf8 1-0

[Event "December 12 Early 2023"]
[Site "https://www.chess.com"]
[Date "2023.12.12"]
[Round "1"]
[White "Rodriguez Santiago, Jaime"]
[Black "Al-Tarboush, Ward"]
[Result "0-1"]
[Board "178"]
[TimeControl "180+1"]
[WhiteFideId "3100898"]
[BlackFideId "7601450"]
[WhiteElo "2280"]
[BlackElo "2596"]
[WhiteTeam "PUR"]
[BlackTeam "NOR"]
[WhiteClock "0:00:03"]
[BlackClock "0:01:05"]

1. d4 Nf6 2. c4 b6 3. Nc3 Bb7 4. d5 e6 5. e4 Bb4 6. Bd3 Na6 7. Be3 Nc5 8. Bxc5 Bxc3+ 9. bxc3 bxc5 10. Nf3 d6 11. Rb1 Bc8 12. dxe6 Bxe6 13. O-O O-O 14. e5 Ng4 15. Re1 Re8 16. h3 Nxe5 17. Nxe5 dxe5 18. Rxe5 Qd6 19. Qe2 Rad8 20. Rd1 g6 21. Bc2 Qe7 22. f4 Rxd1+ 23. Qxd1 Qh4 24. Qf1 Qg3 25. Qf2 Qxc3 26. Rxc5 Qa1+ 27. Kh2 Qf6 28. f5 Bxf5 29. Bxf5 Qd6+ 30. Kg1 gxf5 31. Rxf5 Rb8 32. Rf3 Rb1+ 33. Qf1 Rxf1+ 34. Rxf1 Qd4+ 35. Rf2 Qxc4 36. g3 Qe4 37. Kh2 c5 38. Rd2 c4 39. Rd8+ Kg7 0-1

[Event "December 12 Early 2023"]
[Site "https://www.chess.com"]
[Date "2023.12.12"]
[Round "1"]
[White "Tologon tegin, Semetei"]
[Black "Nasybullina, Alfia"]
[Result "1-0"]
[Board "179"]
[TimeControl "180+1"]
[WhiteFideId "13800574"]
[BlackFideId "4132416"]
[WhiteElo "2595"]
[BlackElo "2280"]
[WhiteTeam "KGZ"]
[BlackTeam "KAZ"]
[WhiteClock "0:00:59"]
[BlackClock "0:00:15"]

1. d4 Nf6 2. Nc3 d5 3. Bf4 e6 4. e3 c6 5. Nf3 b6 6. h3 Bb7 7. Bd3 Bd6 8. O-O Qc7 9. Ne5 Nbd7 10. Nxd7 Nxd7 11. Qg4 Bxf4 12. exf4 g6 13. Rfe1 O-O-O 14. a4 Kb8 15. a5 b5 16. a6 Bc8 17. Qf3 Nb6 18. b3 Rhe8 19. Nb1 f6 20. Qg3 Bd7 21. Nd2 c5 22. dxc5 Qxc5 23. c4 b4 24. cxd5 exd5 25. f5+ Qc7 26. Qh4 Bxf5 27. Bxf5 gxf5 28. Qxb4 Re5 29. Nf3 Re4 30. Qb5 Qd7 31. Qd3 Rde8 32. Rec1 Qd6 33. Rc2 Qf4 34. Rac1 Rc8 35. Rxc8+ Nxc8 36. Rc6 Nb6 37. Qb5 Rb4 38. Qc5 Rxb3 39. Qf8+ 1-0

[Event "December 12 Early 2023"]
[Site "https://www.chess.com"]
[Date "2023.12.12"]
[Round "1"]
[White "Mejia, Cherry Ann"]
[Black "Lund, Gunnar"]
[Result "0-1"]
[Board "180"]
[TimeControl "180+1"]
[WhiteFideId "5206880"]
[BlackFideId "1520814"]
[WhiteElo "2276"]
[BlackElo "2595"]
[WhiteTeam "PHI"]
[BlackTeam "NOR"]
[WhiteClock "0:00:00"]
[BlackClock "0:01:01"]

1. e4 e6 2. d4 d5 3. Bd3 Nf6 4. e5 Nfd7 5. Nf3 c5 6. c3 Nc6 7. O-O f6 8. exf6 Nxf6 9. Re1 Bd6 10. Ne5 O-O 11. Bg5 Qc7 12. Bxf6 gxf6 13. Nf3 e5 14. dxe5 fxe5 15. Bc2 e4 16. Qxd5+ Kh8 17. Rxe4 Bf5 18. Re2 Rad8 19. Qc4 Bxc2 20. Rxc2 Rxf3 21. gxf3 Ne5 22. Qe4 Rf8 23. Nd2 Ng6 24. Nc4 Bxh2+ 25. Kh1 Bf4 26. Ne3 Qd7 27. Ng4 Re8 28. Qc4 Ne5 29. Qxc5 Nxf3 30. Qh5 Qc6 31. Ne5 Nxe5+ 0-1

[Event "December 12 Early 2023"]
[Site "https://www.chess.com"]
[Date "2023.12.12"]
[Round "1"]
[White "Khandelwal, Ankush"]
[Black "Ernst, Luca"]
[Result "0-1"]
[Board "181"]
[TimeControl "180+1"]
[WhiteFideId "413470"]
[BlackFideId "45117055"]
[WhiteElo "2592"]
[BlackElo "2275"]
[WhiteTeam "ENG"]
[BlackTeam "FRA"]
[WhiteClock "0:00:08"]
[BlackClock "0:01:14"]

1. e4 e5 2. Nf3 Nc6 3. Bc4 Bc5 4. c3 Nf6 5. d3 d6 6. O-O h6 7. h3 a6 8. Re1 Na5 9. Bxf7+ Kxf7 10. b4 Bb6 11. bxa5 Bxa5 12. Na3 Be6 13. Bd2 Rf8 14. d4 exd4 15. cxd4 Bxd2 16. Qxd2 Kg8 17. Nc2 d5 18. exd5 Bxd5 19. Ne5 Ne4 20. Qb4 Rxf2 21. Rxe4 Rxg2+ 22. Kxg2 Bxe4+ 23. Kh2 Qg5 24. Ng4 Qf4+ 25. Kg1 Qg3+ 26. Kf1 Rf8+ 27. Ke2 Qd3+ 28. Ke1 Rf1# 0-1